 Dungeon Crawl Stone Soup version 0.31.0-11-ge490571c62 (webtiles) character file.

Game seed: 1654515370708869953

39 solopath the Trooper (level 3, -3/29 HPs)
             Began as a Demonspawn Cinder Acolyte on Jan 27, 2024.
             Was a High Priest of Ignis.
             Slain by a hobgoblin
             ... wielding a +0 rapier
              (8 damage)
             ... on level 2 of the Dungeon.
             The game lasted 00:01:44 (1263 turns).

solopath the Trooper (Demonspawn Cinder Acolyte)    Turns: 1263, Time: 00:01:44

Health: -3/29      AC:  3    Str: 14    XL:     3   Next: 28%
Magic:  5/5        EV: 11    Int: 18    God:    Ignis [*****.]
Gold:   47         SH:  0    Dex:  8    Spells: 5/5 levels left

rFire   + . .        a - -1 falchion (flame)
rCold   . . .        (no shield)
rNeg    . . .        b - +0 robe
rPois   .            (no helmet)
rElec   .            (no cloak)
rCorr   .            i - +0 pair of gloves
SInv    .            (no boots)
Will    .....        (no amulet)
Stlth   +            (no ring)
HPRegen 0.24/turn    (no ring)
MPRegen 0.09/turn

%: no passive effects
@: no status effects
A: claws 1, big brain 1
a: Renounce Religion, Fiery Armour, Foxfire Swarm, Rising Flame


You were on level 2 of the Dungeon.
You worshipped Ignis.
Ignis was extremely pleased with you.
You visited 1 branch of the dungeon, and saw 2 of its levels.

You collected 47 gold pieces.

Inventory:

Hand Weapons
 a - a -1 falchion of flaming (weapon)
Armour
 b - a +0 robe (worn)
 i - a +0 pair of gloves (worn)
Wands
 h - a wand of light (9)
Scrolls
 c - a scroll of revelation {unknown}
 e - a scroll of enchant weapon {unknown}
 g - a scroll of vulnerability {unknown}
 k - a scroll of enchant armour {unknown}
Potions
 d - a potion of might {unknown}
 f - a potion of attraction {unknown}
 j - a potion of brilliance {unknown}


   Skills:
 + Level 3.3 Fighting
 + Level 3.0 Long Blades
 + Level 1.6 Spellcasting
 + Level 3.1 Fire Magic


You had 5 spell levels left.
You didn't know any spells.
Your spell library contained the following spells:

 Spells                   Type           Power      Damage    Failure   Level
 Scorch                   Fire           24%        2d6       8%          2
 Sublimation of Blood     Necr           1%         N/A       28%         2
 Petrify                  Alch/Erth      1%         N/A       88%         4
 Irradiate                Conj/Alch      0%         3d11      99%         5


Dungeon Overview and Level Annotations

Branches:
Dungeon (2/15)

Altars:


Innate Abilities, Weirdness & Mutations

You have sharp fingernails.
You have an unusually large brain. (Int +2)


Message History

The ball python barely misses you. The ball python constricts you.
The ball python bites you. The ball python constricts you.
You hit the ball python. You burn the ball python.
You kill the ball python!
No target in view!
No target in view!
No target in view!
No target in view!
A hobgoblin comes into view. It is wielding a +0 rapier.
A hobgoblin is nearby!
You hit the hobgoblin but do no damage. The hobgoblin barely misses you.
You hit the hobgoblin. You burn the hobgoblin.
The hobgoblin is heavily wounded.
The hobgoblin hits you with a +0 rapier!
You hit the hobgoblin but do no damage.
The hobgoblin is heavily wounded.
The hobgoblin hits you with a +0 rapier.
The hobgoblin hits you but does no damage.
You are too injured to fight recklessly!
You are too injured to fight recklessly!
You are too injured to fight recklessly!
You are too injured to fight recklessly!
You are too injured to fight recklessly!
You are too injured to fight recklessly!
You are too injured to fight recklessly!
You are too injured to fight recklessly!
You are too injured to fight recklessly!
You are too injured to fight recklessly!
You closely miss the hobgoblin.
The hobgoblin is heavily wounded.
The hobgoblin hits you with a +0 rapier.
* * * LOW HITPOINT WARNING * * *
You barely miss the hobgoblin.
The hobgoblin is heavily wounded.
The hobgoblin hits you with a +0 rapier.
* * * LOW HITPOINT WARNING * * *
You closely miss the hobgoblin.
The hobgoblin is heavily wounded.
The hobgoblin hits you with a +0 rapier!
You die...

############
#..........#
#..........#
#####
##..........#####
#...#
'..............>#
#.#.#
#....g@....###.#
#.#.#
#..........# #.#
#.#.#
######.....# #.#
#.#.# #...### #.#
#.#.# #...# #.#
#.#.# #...# #.#
#.#.# #...# #.#
#.#.# ...## #.#
#.#.# !... #.#
#.#.#


You could see a hobgoblin.

Vanquished Creatures
  2 adders (D:2)
  2 endoplasms
  A giant cockroach (D:1)
  3 goblins
  A hobgoblin (D:1)
  4 kobolds (D:1)
  A quokka (D:1)
  3 ball pythons
  2 bats
  A rat (D:2)
20 creatures vanquished.

Notes
Turn   | Place    | Note
-------+----------+-------------------------------------------
     0 | D:1      | solopath the Demonspawn Cinder Acolyte began the quest for
                  | the Orb.
     0 | D:1      | Reached XP level 1. HP: 18/18 MP: 2/2
   336 | D:1      | Gained mutation: You have an unusually large brain. (Int
                  | +2) [demonic ancestry]
   336 | D:1      | Reached XP level 2. HP: 22/24 MP: 3/3
  1035 | D:2      | Gained mutation: You have sharp fingernails. [demonic
                  | ancestry]
  1035 | D:2      | Reached XP level 3. HP: 12/29 MP: 5/5
  1263 | D:2      | Slain by a hobgoblin

Illustrated notes

Levels and vault maps discovered:
D:1:      amcnicky_arrival_feature_with_door, layout_basic,
          chequers_serial_rivers_micro_e, nicolae_concentric_dashed_squares_wild
D:2:      layout_basic

Skill      XL: |  1  2 |
---------------+-------+-----
Long Blades    | 3 |  3.0
Fire Magic     | 3 |  3.1
Fighting       | |  3.3
Spellcasting   | |  1.6

Action                     || total
---------------------------++-------
  Melee: Falchion          ||    88
         Punch             ||     1
 Armour: Robe              ||    59
  Dodge: Dodged            ||    52
